 Dungeon Crawl Stone Soup version 0.26.1-11-gd32895ea62 (webtiles) character file.

Game seed: 11955505838532640862

13715 buriedalive the Frost Mage (level 12, -3/77 HPs)
             Began as a Gargoyle Ice Elementalist on July 12, 2021.
             Was a Priest of Ashenzari.
             Slain by a hell beast (15 damage)
             ... in a Gauntlet.
             The game lasted 00:35:35 (18602 turns).

buriedalive the Frost Mage (GrIE)                  Turns: 18602, Time: 00:35:35

Health: -3/77      AC: 20    Str: 12    XL:     12   Next: 8%
Magic:  8/15       EV: 15    Int: 21    God:    Ashenzari [***...]
Gold:   782        SH:  0    Dex: 10    Spells: 0/15 levels left

rFire    . . .     SeeInvis +   f - +2 dagger (venom) (curse)
rCold    + . .     Faith    .   (no shield)
rNeg     + . .     Spirit   .   q - +0 robe {Will+}
rPois    ∞         Reflect  .   K - +2 hat
rElec    +         Harm     .   J - +0 cloak
rCorr    .         Rampage  .   k - +1 pair of gloves
Will     ++...     NoTele   +   u - +1 pair of boots
Stlth    ++........             (no amulet)
HPRegen  0.22/turn              p - ring of willpower
MPRegen  0.14/turn              (no ring)

@: studying Earth Magic
A: antennae 1, cold resistance 1, negative energy resistance 1, electricity
resistance, unbreathing, petrification resistance, miasma immunity, AC +8
a: Renounce Religion, Curse Item, Scrying


You were in a Gauntlet.
You worshipped Ashenzari.
Ashenzari was most pleased with you.
You visited 3 branches of the dungeon, and saw 15 of its levels.
You also visited: Sewer and Gauntlet.

You collected 903 gold pieces.
You spent 121 gold pieces at shops.

Inventory:

Hand Weapons
 f - a cursed +2 dagger of venom (weapon)
 C - a +1 whip of freezing
 G - a +4 short sword
Missiles
 b - 421 stones
 n - 6 curare-tipped darts
 o - 24 poisoned darts (quivered)
 z - 2 datura-tipped darts
Armour
 d - the +3 helmet of Limitation {rPois rC- rN+}
   (You took it off Robin on level 3 of the Dungeon)

   It makes you vulnerable to cold.
   It protects you from poison.
   It protects you from negative energy.
 k - a +1 pair of gloves (worn)
 q - a +0 robe of willpower (worn)
 u - a +1 pair of boots (worn)
 J - a +0 cloak (worn)
 K - a +2 hat (worn)
Magical Staves
 w - an uncursed staff of conjuration
Jewellery
 p - a ring of willpower (left hand)
 O - the ring of Jeagusag {+Fly rPois rC- Will++ Slay+6}
   (You found it in a Gauntlet)

   [ring of poison resistance]

   It affects your accuracy and damage with ranged weapons and melee attacks
   (+6).
   It makes you vulnerable to cold.
   It protects you from poison.
   It affects your willpower, your defense against some magical effects.
   It lets you fly.
Wands
 l - a wand of enslavement (1)
 A - a wand of disintegration (15)
 L - a wand of polymorph (9)
Scrolls
 h - 3 scrolls of blinking
 i - 12 scrolls of teleportation
 r - 4 scrolls of remove curse
 s - a scroll of identify
 t - a scroll of summoning {unknown}
 v - a scroll of amnesia
 y - a scroll of fog {unknown}
 D - a scroll of vulnerability {unknown}
 I - a scroll of fear {unknown}
 N - a scroll of holy word {unknown}
Potions
 a - 2 potions of resistance
 c - a potion of brilliance
 e - 2 potions of ambrosia
 g - 6 potions of heal wounds
 j - 6 potions of flight
 m - 2 potions of cancellation
 x - a potion of berserk rage
 B - 4 potions of haste
 E - 7 potions of curing
 F - 4 potions of degeneration {unknown}
Books
 M - a manual of Earth Magic
Miscellaneous
 H - a lightning rod (4/4)


   Skills:
 + Level 9.7 Fighting
 + Level 9.7 Armour
 - Level 7.0 Dodging
 - Level 2.1 Stealth
 - Level 2.0 Spellcasting
 - Level 8.6 Conjurations
 + Level 0.4 Summonings
 - Level 10.0 Ice Magic


You couldn't memorise any spells.
You knew the following spells:

 Your Spells              Type           Power        Failure   Level
a - Freeze                Ice            100%         1%          1
b - Frozen Ramparts       Ice            88%          1%          3
c - Ozocubu's Armour      Ice            44%          1%          3
d - Hailstorm             Conj/Ice       41%          3%          4
e - Summon Ice Beast      Ice/Summ       24%          17%         4

Your spell library contained the following spells:

 Spells                   Type           Power        Failure   Level
 Summon Small Mammal      Summ           16%          12%         1
 Iskenderun's Battlesphe  Conj           38%          12%         5
 Animate Skeleton         Necr           4%           14%         1
 Apportation              Tloc           4%           14%         1
 Corona                   Hex            2%           14%         1
 Bolt of Magma            Conj/Fire/Erth 7%           77%         5
 Iron Shot                Conj/Erth      10%          98%         6
 Orb of Destruction       Conj           19%          98%         7
 Spellforged Servitor     Conj/Summ      10%          100%        7


Dungeon Overview and Level Annotations

Branches:
Dungeon (11/15)            Temple (1/1) D:5            Lair (3/6) D:9
    Orc (0/2) D:9           Sewer (visited)         Gauntlet (1/1)
  Swamp: Lair:2-4    Shoals: Lair:2-4     Snake: Lair:2-4    Spider: Lair:2-4

Altars:
Ashenzari
Cheibriados
Dithmenos
Elyvilon
Fedhas
Gozag
Hepliaklqana
Kikubaaqudgha
Makhleb
Nemelex Xobeh
Okawaru
Qazlal
Ru
Sif Muna
Trog
Uskayaw
Vehumet
Wu Jian
Xom
Yredelemnul
Zin
The Shining One
Lugonu

Shops:
D:8 *   D:10 [

Annotations:
Lair:2 2 transporters, MyelinatedAxon's ghost, journeyman HuGl
Lair:3 Fannar Gauntlet 13 transporters


Innate Abilities, Weirdness & Mutations

You are resistant to torment.
Your stone body is resilient. (AC +8)
You are immune to poison.
You resist negative energy. (rN+)
You are resistant to electric shocks. (rElec)
You can survive without breathing.
You are immune to petrification.
You are immune to miasma.
You have a pair of small antennae on your head.
Your flesh is cold resistant. (rC+)


Message History

The hell beast tramples you but does no damage.
You see here a scroll labelled ZUULEL VYPSIU.
N - a scroll labelled ZUULEL VYPSIU The hell beast completely misses you.
The hell beast misses you. The hell beast bites you!
The hell beast tramples you but does no damage.
You see here the ring of Jeagusag {+Fly rPois rC- Will++ Slay+6}.
O - the ring of Jeagusag {+Fly rPois rC- Will++ Slay+6} The hell beast bites you but does no damage.
The hell beast tramples you.
You stumble backwards!
The hell beast barely misses you. The hell beast closely misses you.
You see here a scroll of remove curse.
r - 4 scrolls of remove curse (gained 1)
The hell beast bites you but does no damage.
The hell beast tramples you but does no damage.
The hell beast bites you!!
* * * LOW HITPOINT WARNING * * *
The hell beast barely misses you. The hell beast bites you!
You die...

......#.#.........#.#YY#.##..##.#
#.....#.#.#.....#.#.###..#.####.#
#....##.#.##...##.#.##.##.##.##.#
.#©##.#.#..##.##..#.#Y©..#..#.#.#
###...#.#....©....#.#####.#.###.#
.#....#.#.†#####..#.#...###..##.#
..#...#.#.##...##.#.##.####..##.#
..#...#.#.#.....#.#.#w.##.#=###.#
?©2#..#.#....©.2@.#.##.)!©.#.##.#
#######.###########.###########.#
.................................
......≈∩≈........................
#################################
...............≈##8# #8# #8# #8#
..©.©.©.©.©.©..8#### ### ### ###
...............≈#
#.#.#######.#.###


You could see a hell beast, a death yak and a torpor snail.

Vanquished Creatures
  Harold (D:8)
  2 two-headed ogres
  A sixfirhy (Gauntlet)
  Pikel (D:7)
  A black mamba (Lair:2)
  6 cane toads
  A komodo dragon (Lair:2)
  A troll (D:9)
  A polar bear (Lair:1)
  2 hornets (Gauntlet)
  3 blink frogs (Lair:2)
  Sigmund (D:3)
  Eustachio (D:5)
  A wyvern (Lair:1)
  5 yaks (Lair:1)
  2 basilisks (Lair:1)
  Menkaure (D:6)
  Edmund (D:5)
  3 water moccasins
  2 hell hounds (Gauntlet)
  5 orc warriors
  A black bear (D:6)
  An ice beast (D:8)
  A necrophage (D:7)
  A phantom (D:7)
  4 ogres
  5 centaurs
  6 wolves
  3 lemures (D:7)
  A big kobold (Sewer)
  4 bullfrogs
  A scorpion (D:8)
  5 killer bees (D:10)
  3 electric eels (D:9)
  2 bullfrog zombies
  A jelly (D:10)
  12 hounds
  5 orc priests
  A gnoll shaman (D:6)
  17 orc wizards
  Terence (D:3)
  Jessica (D:2)
  4 iguanas
  Ijyb (D:3)
  7 hell rats (Lair:2)
  12 worker ants
  2 hound zombies
  A hound skeleton (D:7)
  Robin (D:3)
  8 gnolls
  11 adders
  2 river rats (Sewer)
  2 shadow imps
  5 white imps
  3 ufetubi
  An adder zombie (D:5)
  An ooze (D:1)
  An adder skeleton (D:6)
  2 worms
  5 dart slugs
  10 leopard geckos
  21 orcs
  4 giant cockroaches
  15 goblins
  13 hobgoblins
  9 jackals
  12 kobolds
  4 quokkas
  9 bats
  4 frilled lizards
  A leopard gecko skeleton (D:7)
  A quokka skeleton (D:4)
  A quokka zombie (D:9)
  9 rats
300 creatures vanquished.

Vanquished Creatures (others)
  An orc warrior (D:10)
  8 fungi
  21 plants
30 creatures vanquished.

Grand Total: 330 creatures vanquished

Notes
Turn   | Place    | Note
-------+----------+-------------------------------------------
     0 | D:1      | buriedalive the Gargoyle Ice Elementalist began the quest
                  | for the Orb.
     0 | D:1      | Reached XP level 1. HP: 10/10 MP: 3/3
   165 | D:1      | Reached XP level 2. HP: 14/15 MP: 0/5
   519 | D:1      | Reached XP level 3. HP: 18/19 MP: 6/6
  1112 | D:2      | Reached XP level 4. HP: 24/24 MP: 5/7
  1127 | D:2      | Learned a level 3 spell: Frozen Ramparts
  1131 | D:2      | Learned a level 3 spell: Ozocubu's Armour
  1296 | D:2      | Noticed Jessica
  1310 | D:2      | Killed Jessica
  1311 | D:2      | Reached skill level 5 in Ice Magic
  1375 | D:2      | Reached XP level 5. HP: 18/28 MP: 8/8
  2362 | D:2      | Found an opulent altar of Gozag.
  2632 | D:2      | Found an ornate altar of the Wu Jian Council.
  2666 | D:3      | Identified the +3 helmet of Limitation {rPois rC- rN+}
  2666 | D:3      | Noticed Robin
  2688 | D:3      | Reached XP level 6. HP: 30/32 MP: 2/9
  2688 | D:3      | Killed Robin
  2825 | D:3      | Found a glowing drain.
  2886 | Sewer    | Entered a sewer
  2988 | Sewer    | Reached skill level 6 in Ice Magic
  3062 | Sewer    | Found a white marble altar of Elyvilon.
  3144 | D:3      | Noticed Ijyb
  3152 | D:3      | Found a snail-covered altar of Cheibriados.
  3157 | D:3      | Killed Ijyb
  3179 | D:3      | Noticed Sigmund
  3193 | D:3      | Killed Sigmund
  3194 | D:3      | Reached XP level 7. HP: 25/36 MP: 4/10
  3342 | D:3      | Noticed Terence
  3353 | D:3      | Killed Terence
  3682 | D:3      | Found a shimmering blue altar of Sif Muna.
  4089 | D:4      | Found a white marble altar of Elyvilon.
  4089 | D:4      | Found a hide-covered altar of Uskayaw.
  4387 | D:4      | Reached skill level 7 in Ice Magic
  4556 | D:4      | You fall into a shaft and drop 2 floors!
  4574 | D:5      | Entered Level 5 of the Dungeon
  4593 | D:5      | Reached skill level 5 in Dodging
  5136 | D:4      | Reached XP level 8. HP: 41/41 MP: 11/11
  5247 | D:4      | Found a radiant altar of Vehumet.
  5248 | D:4      | Found a shadowy altar of Dithmenos.
  5249 | D:4      | Found a hazy altar of Hepliaklqana.
  5250 | D:4      | Found a bloodstained altar of Trog.
  5881 | D:5      | Noticed Eustachio
  5911 | D:5      | Killed Eustachio
  6105 | D:5      | Found a shimmering altar of Xom.
  6185 | D:5      | Reached skill level 8 in Ice Magic
  6622 | D:5      | Noticed Edmund
  6624 | D:5      | Found a staircase to the Ecumenical Temple.
  6635 | D:5      | Killed Edmund
  6754 | Temple   | Entered the Ecumenical Temple
  6797 | Temple   | Became a worshipper of Ashenzari the Shackled
  8024 | D:6      | Reached skill level 9 in Ice Magic
  8024 | D:6      | Reached XP level 9. HP: 14/45 MP: 5/12
  8346 | D:6      | Noticed Menkaure
  8363 | D:6      | Killed Menkaure
  8677 | D:6      | Reached skill level 1 in Armour
  8679 | D:6      | Reached skill level 1 in Fighting
  9247 | D:7      | Noticed Pikel
  9258 | D:7      | Killed Pikel
  9589 | D:7      | Reached skill level 10 in Ice Magic
  9697 | D:7      | Learned a level 4 spell: Hailstorm
  9930 | D:7      | Reached skill level 1 in Conjurations
 10001 | D:7      | Reached XP level 10. HP: 58/58 MP: 9/13
 10143 | D:7      | Found an ancient bone altar of Kikubaaqudgha.
 10143 | D:7      | Found a blossoming altar of Fedhas.
 10502 | D:8      | Reached * piety under Ashenzari
 10526 | D:8      | Reached skill level 5 in Armour
 10568 | D:8      | Noticed Harold
 10586 | D:8      | Killed Harold
 10587 | D:8      | Reached skill level 5 in Fighting
 10875 | D:8      | Found Gozag's Platinum Reserve.
 10875 | D:8      | Found an opulent altar of Gozag.
 10912 | D:8      | Noticed a two-headed ogre
 10925 | D:8      | Killed a two-headed ogre
 11831 | D:9      | Found a staircase to the Orcish Mines.
 12008 | D:9      | Reached skill level 5 in Conjurations
 12042 | D:9      | Found a staircase to the Lair.
 12722 | D:9      | Found a sacrificial altar of Ru.
 12961 | D:9      | Reached ** piety under Ashenzari
 13139 | D:10     | Entered Level 10 of the Dungeon
 13508 | D:10     | Found a blossoming altar of Fedhas.
 13860 | D:10     | Found Cyssouxa's Antique Armour Shop.
 13863 | D:10     | Bought a cloak for 121 gold pieces
 14026 | D:10     | Reached XP level 11. HP: 50/67 MP: 10/14
 14533 | D:10     | Gained mutation: You have a pair of small antennae on your
                  | head. [potion of mutation]
 14533 | D:10     | Gained mutation: Your flesh is cold resistant. (rC+)
                  | [potion of mutation]
 14557 | D:11     | Noticed a brown ugly thing
 14737 | D:11     | Noticed a two-headed ogre
 14748 | D:11     | Killed a two-headed ogre
 14860 | D:11     | Noticed a five-headed hydra
 14973 | Lair:1   | Entered Level 1 of the Lair of Beasts
 14993 | Lair:1   | Reached *** piety under Ashenzari
 16606 | Lair:2   | Found a transporter.
 16609 | Lair:2   | Found a transporter.
 16609 | Lair:2   | Noticed MyelinatedAxon's ghost (journeyman HuGl)
 16612 | Lair:2   | Noticed a six-headed hydra
 17796 | Lair:3   | Noticed Fannar
 17818 | Lair:3   | Found a gate leading to a gauntlet.
 17836 | Gauntlet | Entered a Gauntlet
 17836 | Gauntlet | Found a transporter.
 17874 | Gauntlet | Noticed a sixfirhy
 17882 | Gauntlet | Found a transporter.
 17897 | Gauntlet | Found a transporter.
 17901 | Gauntlet | Noticed a death yak
 17901 | Gauntlet | Noticed a death yak
 17902 | Gauntlet | Found a transporter.
 17910 | Gauntlet | Noticed a thrashing horror
 17919 | Gauntlet | Found a transporter.
 17920 | Gauntlet | Identified the ring "Tytwacea" {rPois Int+2}
 17936 | Gauntlet | Found a transporter.
 17937 | Gauntlet | Identified the ring of Xom's Malicious Joy {Wiz rPois MP+9
                  | Int+5}
 17946 | Gauntlet | Noticed a death yak
 17946 | Gauntlet | Noticed a hell beast
 17948 | Gauntlet | Found a transporter.
 17950 | Gauntlet | Identified the ring of Jeagusag {+Fly rPois rC- Will++
                  | Slay+6}
 17960 | Gauntlet | Found a transporter.
 17975 | Gauntlet | Found a transporter.
 17991 | Gauntlet | Found a transporter.
 17994 | Gauntlet | Identified the ring "Noeqag" {Str+4 Int+6 Dex+4 Stlth-}
 17999 | Gauntlet | Noticed a necromancer
 18001 | Gauntlet | Noticed a death yak
 18003 | Gauntlet | Found a transporter.
 18004 | Gauntlet | Noticed a death yak
 18006 | Gauntlet | Noticed a death yak
 18011 | Gauntlet | Noticed a death yak
 18013 | Gauntlet | Noticed a death yak
 18057 | Gauntlet | Found a transporter.
 18057 | Gauntlet | Found a transporter.
 18148 | Gauntlet | Found a transporter.
 18170 | Gauntlet | Noticed a moth of wrath
 18178 | Gauntlet | Found a transporter.
 18188 | Gauntlet | Found a transporter.
 18224 | Gauntlet | Found a transporter.
 18232 | Gauntlet | Found a transporter.
 18401 | Gauntlet | Killed a sixfirhy
 18402 | Gauntlet | Reached XP level 12. HP: 71/76 MP: 7/15
 18560 | Gauntlet | Learned a level 4 spell: Summon Ice Beast
 18602 | Gauntlet | Slain by a hell beast

Illustrated notes

Levels and vault maps discovered:
D:1:      minmay_arrival_nine_rooms, layout_loops_ring
D:2:      layout_basic, overflow_temple_1_default, nzn_wu_jian_council_hall,
          uniq_jessica
D:3:      layout_basic, lemuel_crystal_altar, lemuel_doored_altar,
          cheibrodos_sewer_entry_sluice, uniq_robin, uniq_sigmund, uniq_ijyb,
          uniq_terence
D:4:      layout_loops_cross, gammafunk_temple_overflow_statue, minitemple,
          serial_forest, infiniplex_forest_end_2, infiniplex_forest_clump_long,
          infiniplex_forest_lined_room_2, infiniplex_forest_straight_5,
          infiniplex_forest_straight_4, infiniplex_forest_clump_curved,
          infiniplex_forest_clump_diagonal
D:5:      layout_cave_pods, minmay_temple_entry_arrows, serial_column_ruins,
          column_ruins_hut, column_ruins_temple_circle,
          column_ruins_open_small_water, column_ruins_columns_corner,
          column_ruins_open_medium, column_ruins_grid_3,
          column_ruins_corridor_straight, column_ruins_corridor_corner,
          uniq_edmund, uniq_eustachio
D:6:      layout_gridville, kennysheep_cross_room, uniq_menkaure
D:7:      layout_rooms, grunt_temple_overflow_growth_and_decay,
          minmay_a_box_with_orc_wizards_in_it, uniq_pikel
D:8:      layout_basic, nicolae_gozag_zags_fifth_avenue, uniq_harold
D:9:      layout_long_grid, lemuel_coloured_pillars_altar, erik_lair_island,
          david_orc_3, roderic_serpentine_path
D:10:     layout_gridville, basic_altar, serial_shops, kennysheep_mini
D:11:     layout_cave_pools
Temple:   corrupted_temple
Lair:1:   layout_concentric_octagons, serial_bayou_shore_b
Lair:2:   layout_hall_layers, gammafunk_ghost_arena, infiniplex_staircase_pool_2
Lair:3:   layout_regular_city, nicolae_spider_entry_orb_guardian,
          gauntlet_entry_generic, uniq_prince_ribbit2, uniq_sonja,
          uniq_gastronok, uniq_fannar
Gauntlet: gammafunk_gauntlet_one_two_three [nicolae_gauntlet_arena_t_cross,
          nicolae_gauntlet_arena_quarters, gammafunk_gauntlet_arena_hedges,
          nicolae_gauntlet_arena_flowing_pool,
          gammafunk_gauntlet_arena_chambers, nicolae_gauntlet_swirl,
          gammafunk_gauntlet_arena_split_x, gammafunk_gauntlet_arena_mazey,
          gammafunk_gauntlet_arena_crates,
          nicolae_gauntlet_exit_dead_adventurers]

Skill      XL: |  1  2  3  4  5  6  7  8  9 10 11 |
---------------+----------------------------------+-----
Dodging        | 2 3 4 5 6 7 |  7.0
Ice Magic      | 5 6 7 9 10 | 10.0
Armour         | 4 7 9 |  9.7
Fighting       | 4 7 9 |  9.7
Conjurations   | 1 5 8 |  8.6
Stealth        | |  2.1
Spellcasting   | |  2.0
Summonings     | |  0.4

Action                   |  1- 3 |  4- 6 |  7- 9 | 10-12 || total
-------------------------+-------+-------+-------+-------++-------
Melee: Short sword       |     9 |       |       |       ||     9
       Dagger            |    35 |   150 |   341 |   402 ||   928
Throw: Dart              |       |       |       |     9 ||     9
 Cast: Freeze            |     6 |    17 |    28 |    34 ||    85
       Frozen Ramparts   |       |     6 |    27 |    36 ||    69
       Ozocubu's Armour  |       |       |     3 |    10 ||    13
Invok: Curse Item        |       |       |       |     1 ||     1
Evoke: Wand              |       |       |       |     1 ||     1
  Use: Scroll            |       |     8 |     5 |     6 ||    19
       Potion            |       |       |       |     3 ||     3
 Stab: Sleeping          |     2 |     3 |     5 |     1 ||    11
Armor: Robe              |     8 |    59 |   151 |   192 ||   410
Dodge: Dodged            |    25 |   114 |   300 |   355 ||   794
